cohdb
Replays
Latest Replays
All Replays
Popular Replays
Top Player Replays
Match Explorer
How It Works
Community
CoH3 Stats
Reddit
Sign in to upload your games and track your stats! →
Sign in with Steam
Match 41711469
Unlisted
Match 41711469
Overview
Messages
Build Orders
End
Construct Barracks
Selects Armored Battlegroup
Selects Veteran Crews
Riflemen Squad
Riflemen Squad
Riflemen Squad
M1 Mortar Team
Riflemen Squad
Selects Fast Deploy
Construct Weapon Support Center
Mechanized Support Center
Engineer Squad
M1918 Browning Automatic Rifles
M1919 Machine Gun Team
Selects M8 Scott SPG
M8 Scott SPG
M8 Scott SPG
Construct Motor Pool
Selects Field Repairs
Selects UNKNOWN (2160077)
M1 Anti-tank Gun Team
Grenade Package
Construct Tank Depot
Mohamed Bouissef Rekab
Kaldor Draigo
Nukepapa
Kiko25
0
0
Comments
sign in to comment!
No comments posted yet!